[Event "34th Pula Open 2022"]
[Site "Pula"]
[Date "2022.06.18"]
[Round "1.1"]
[White "Tomcikova, Dominika"]
[Black "Fercec, Nenad"]
[Result "0-1"]
[ECO "A07"]
[WhiteElo "1958"]
[BlackElo "2415"]
[Annotator "TA"]
[PlyCount "90"]
[EventDate "2022.06.18"]
[EventType "swiss"]
[EventCountry "CRO"]
[SourceTitle "playchess.com"]
[Source "ChessBase"]
[SourceQuality "1"]
[TimeControl "5400+30"]

1. Nf3 d5 2. d3 Nf6 3. g3 g6 4. Bg2 Bg7 5. O-O O-O 6. Nbd2 Nc6 $1 {[%emt 0:00:14][%mdl 4] is recently more successful than 6...c5.} 7. e4 e5 8. Re1 h6 {[%emt 0:00:31] A07: Réti Opening: New York and Capablanca Systems.} 9. h3 Re8 10. a3 a5 {[%emt 0:00:31] Black is slightly better.} 11. Rb1 a4 {[%emt 0:01:53] [#]} 12. Qe2 $146 ({Predecessor:} 12. Kh2 Be6 13. exd5 Nxd5 14. Ne4 b6 15. c4 Nde7 16. Nc3 Bf5 17. Nd5 Ra5 18. Nh4 {0-1 (55) Socko,M (2484)-Wang,J (2364) Batumi 2012}) 12... Be6 13. b4 axb3 $1 14. cxb3 Nd7 15. b4 {[%emt 0:07:23] Inhibits Nc5.} Nb6 16. Bb2 d4 17. Rbc1 Na4 18. Ba1 Na7 {[%emt 0:00:47] Black is more active.} 19. Nc4 Bd7 20. Nfd2 Nb5 21. Nb1 h5 22. f4 h4 23. Nxe5 (23. Qf2 $17) 23... Bxe5 ({Inferior is} 23... hxg3 24. Nxd7 Qxd7 25. e5 $15) (23... Rxe5 $19 24. fxe5 hxg3) 24. fxe5 $17 hxg3 25. Qf3 Qg5 26. Rf1 Re7 ({Black should try} 26... Be6 $19 {White must now prevent ...Rec8.} 27. Qf4 Qxf4 28. Rxf4 Rec8) 27. Qf4 Qxf4 {[%emt 0:01:33] Really sharp!} 28. Rxf4 Rxe5 29. Rcf1 (29. h4 $17 {was necessary.}) 29... Be6 30. R4f3 (30. Rc1 $142) 30... Ba2 31. Nd2 Nac3 {[%emt 0:02:07] Pair of Knights!} 32. Nc4 (32. Bb2 {keeps fighting.}) 32... Re7 (32... Ne2+ $142 33. Kh1 Bxc4 34. dxc4 Nxa3) 33. Re1 $19 Nxa3 34. Bxc3 (34. Nxa3 $142 Rxa3 35. Rxg3) 34... dxc3 35. Nxa3 Rxa3 36. d4 Rb3 37. Rc1 (37. Rxg3 {was the only chance.} Rxb4 38. Rxc3) 37... Rxe4 ({But not} 37... Rxb4 $2 38. Rxg3 Rxd4 39. Rgxc3 $19) 38. Rxg3 Rxd4 {[%emt 0:06:12] [#] ...c2 is the strong threat.} 39. Rgxc3 Rxc3 40. Rxc3 {[%emt 0:00:00][%mdl 4096] Endgame KRB-KRB} c6 ({Don't blunder} 40... Rxb4 $2 41. Rxc7 b5 42. Bb7) 41. b5 $2 (41. Ra3 {is a better defense.} Be6 42. Ra8+ Kg7 43. Rb8) 41... cxb5 {[%emt 0:00:10] Black is clearly winning.} 42. Bxb7 b4 43. Rc2 Be6 {[%emt 0:00:12] [#] Threatens to win with ...b3.} 44. Bg2 b3 45. Rb2 Rc4 {[%emt 0:00:21] Weighted Error Value: White=0.44/Black=0.14 (very precise)} 0-1

[Event "34th Pula Open 2022"]
[Site "Pula"]
[Date "2022.06.18"]
[Round "1.2"]
[White "Nikcevic, Nebojsa"]
[Black "Tomcik, Milan"]
[Result "1-0"]
[ECO "E94"]
[WhiteElo "2387"]
[BlackElo "1944"]
[Annotator "TA"]
[PlyCount "99"]
[EventDate "2022.06.18"]
[EventType "swiss"]
[EventCountry "CRO"]
[SourceTitle "playchess.com"]
[Source "ChessBase"]
[SourceQuality "1"]
[TimeControl "5400+30"]

1. Nf3 Nf6 2. c4 g6 3. Nc3 Bg7 4. e4 d6 5. d4 O-O 6. Be2 e5 7. O-O Na6 8. Be3 Qe7 {[%emt 0:02:21][%cal Of6e4] 8...c6 is the modern continuation.} 9. d5 {[%emt 0:07:48] E94: King's Indian: Classical: 6 Be2 e5 7 0-0: Various Black 7th moves.} Nc5 10. Nd2 a5 11. a3 {[%emt 0:01:15] White is slightly better.} Ne8 12. b4 {[%emt 0:02:00] [#]} axb4 $146 (12... Nd7 $142) ({Predecessor:} 12... Nd7 13. Rc1 f5 14. f3 f4 15. Bf2 g5 16. Nb5 b6 17. Qc2 h5 18. Nb3 a4 {0-1 (60) Einoullaeva,R-Dyrda,V Litohoto 1999}) 13. axb4 $16 {[%emt 0:00:06][%mdl 64] [#] Discovered Attack} Rxa1 14. Qxa1 Na6 15. Qa3 {[%emt 0:00:13] White is more active.} f5 16. f3 f4 (16... Bf6 $16) 17. Bf2 $18 Nf6 18. c5 dxc5 19. bxc5 Nh5 (19... Rd8 $142 20. Nc4 Bf8) 20. Ra1 Qg5 21. h4 (21. Bxa6 bxa6 22. Kf1 Qe7 $18) 21... Qd8 22. c6 {[%emt 0:20:57] cxb7 is the strong threat.} Ng3 23. Bxg3 (23. Bxa6 bxa6 24. Nf1 Qxh4 25. Bxg3 fxg3 $16) 23... fxg3 24. Nf1 $2 (24. Bxa6 bxa6 25. Nf1 (25. Qa5 Qxh4 26. Nf1 g5 $11) 25... Bf6 $16) (24. cxb7 $18 Qxh4 25. Nf1 (25. Qxf8+ $2 Bxf8 26. Bxa6 Bxb7 $19) 25... Bxb7 26. Bxa6 Bxa6 27. Qxa6) 24... Qxh4 $2 (24... Rf7 $16 {is tougher.}) 25. Bxa6 $2 (25. cxb7 Bxb7 26. Bxa6 Bxa6 27. Qxa6) 25... bxa6 {[%emt 0:00:40] [#]} 26. Ne2 (26. d6 $1 $16 {[%cal Rd6d7] Hoping for d7.} cxd6 27. Nd5) 26... Bh6 27. Nexg3 Bf4 {[%emt 0:01:55] Black is on the road to losing.} ({Black should try} 27... Bg5 $14) 28. Ne2 $36 {[%emt 0:00:24][%mdl 2048] White is really pushing.} Qf6 (28... Bh6 $16 {is a better defense.} 29. Rb1 Re8) 29. Nxf4 $18 exf4 30. Rd1 {[%emt 0:00:09] Against Qd4+} Rd8 (30... Re8 $142 31. Qc5 (31. d6 cxd6 32. Rxd6 Qe7 $18) 31... Qg5) 31. Qa1 Qxa1 (31... Qf7 {keeps fighting.} 32. Qd4 g5) 32. Rxa1 {[%emt 0:00:05][%mdl 4096] Endgame KRB-KRN} Kf7 33. Nd2 h5 34. Nc4 g5 35. Kf2 h4 36. Ke2 Ke7 37. Kd3 Rh8 (37... g4 {might work better.} 38. fxg4 Rg8) 38. Ne5 {[%emt 0:05:22] Strongly threatening Ng6+.} Rh6 {[%emt 0:01:23] Prevents Ng6+.} 39. Kd4 {[%emt 0:01:32] White is clearly winning.} h3 (39... Rd6 $142 40. Rb1 Rd8) 40. gxh3 Rxh3 41. Rb1 {[%emt 0:02:30][%cal Ob1b7] Black must now prevent Rb7!} Rh7 42. Rb8 Bh3 43. Rg8 a5 44. Rxg5 a4 45. Rg8 Bf1 46. Ra8 Rh2 47. Ng6+ Kf6 48. Nxf4 Rd2+ 49. Ke3 Ra2 50. d6 {[%emt 0:00:36] Weighted Error Value: White=0.36/Black=0.61} 1-0

[Event "34th Pula Open 2022"]
[Site "Pula"]
[Date "2022.06.18"]
[Round "1.3"]
[White "Siljan, Milorad"]
[Black "Popovic, Milan S"]
[Result "0-1"]
[ECO "B92"]
[WhiteElo "1939"]
[BlackElo "2383"]
[Annotator "TA"]
[PlyCount "82"]
[EventDate "2022.06.18"]
[EventType "swiss"]
[EventCountry "CRO"]
[SourceTitle "playchess.com"]
[Source "ChessBase"]
[SourceQuality "1"]
[TimeControl "5400+30"]

1. e4 c5 2. Nf3 d6 3. d4 cxd4 4. Nxd4 Nf6 5. Nc3 a6 6. Be2 e5 7. Nb3 Be7 8. Be3 Be6 9. O-O O-O 10. Bf3 {[%emt 0:04:34] 10.Re1 is the recent fashion.} Nbd7 11. Qe2 {[%emt 0:05:06] B92: Sicilian Najdorf: 6 Be2.} Qc7 12. Rfd1 b5 13. Nd5 {[%emt 0:14:23] The position is equal.} Bxd5 14. exd5 {[%emt 0:00:11] [#]} Nb6 $146 ({Predecessor:} 14... Rac8 15. c3 Nb6 16. Bxb6 Qxb6 17. Rac1 Rc7 18. c4 bxc4 19. Rxc4 Rfc8 20. Rdc1 Rxc4 21. Rxc4 Rxc4 22. Qxc4 {½-½ (37) Poglajen,F (1760)-Borstnik,A (1790) Ljubljana 2021}) 15. Bxb6 Qxb6 16. a4 b4 17. a5 Qb7 18. h4 Ne8 {[%emt 0:11:51] [#]} (18... Rfc8 $15) 19. g3 (19. Nc5 $1 $11 Qa7 (19... Qc8 20. Nd3) 20. Nd3) 19... f5 $15 20. Bg2 Nf6 21. Qd3 (21. Ra4 $11 {remains equal.}) 21... Nd7 22. Qe2 {[%emt 0:03:03] [#]} Bf6 $1 {[%emt 0:01:14] White is now going downhill.} 23. Nd2 e4 24. Nc4 Qc7 25. Ra4 Rab8 26. Bf1 Nc5 27. Ra2 Qe7 28. f4 exf3 29. Qxe7 Bxe7 30. Kf2 (30. Nd2 $17) 30... b3 $19 31. cxb3 Rxb3 {[%emt 0:00:17] And now ...Ne4+ would win.} 32. Ra3 (32. Nd2 $142 Ne4+ 33. Kg1) 32... Ne4+ 33. Kg1 {[%emt 0:00:29] [#]} Rxa3 ({Stronger than} 33... f2+ 34. Kg2 Rb4 35. Rf3 $17) 34. Nxa3 Nxg3 35. Bxa6 Ra8 36. Bd3 Rxa5 ({Don't go for} 36... Bxh4 $2 37. Nc4 $19) 37. Kf2 Bxh4 38. Kxf3 Kf8 {[%emt 0:01:48] Hoping for ...g5.} 39. Bb5 $2 (39. Nc4 Rxd5 40. Ne3) 39... Ne4 40. Rd3 Be1 41. Bd7 Nc5 {[%emt 0:01:07][%csl LRd3,LRd7] Weighted Error Value: White=0.35/Black=0.15 (very precise)} 0-1

[Event "34th Pula Open 2022"]
[Site "Pula"]
[Date "2022.06.18"]
[Round "1.4"]
[White "Lindgren, Philip"]
[Black "Svaljek, Radmila"]
[Result "1-0"]
[ECO "E09"]
[WhiteElo "2369"]
[BlackElo "1934"]
[Annotator "TA"]
[PlyCount "77"]
[EventDate "2022.06.18"]
[EventType "swiss"]
[EventCountry "CRO"]
[SourceTitle "playchess.com"]
[Source "ChessBase"]
[SourceQuality "1"]
[TimeControl "5400+30"]

1. d4 d5 2. c4 e6 3. Nf3 Nf6 4. g3 c6 5. Nbd2 Be7 6. Bg2 O-O 7. O-O b6 8. Qc2 Bb7 9. e4 dxe4 10. Nxe4 Nxe4 11. Qxe4 Nd7 12. Rd1 Nf6 13. Qc2 Qc8 14. c5 {[%emt 0:02:54] E09: Closed Catalan: Main Line: 7 Qc2 c6 8 Nbd2.} Rd8 15. Be3 h6 16. Rac1 {[%emt 0:01:17] White is slightly better.} (16. Ne5 {is interesting.} Nd5 17. Bd2 Qc7 18. Re1) 16... Nd5 17. Bd2 {[%emt 0:00:28] [#]} bxc5 $146 (17... Qc7 {seems wilder.} 18. b4 Ba6 19. Ne5 bxc5 20. bxc5 Rab8) ({Predecessor:} 17... Bf6 18. a3 Qc7 19. Qe4 Qe7 20. Bf1 Qf8 21. Bd3 g6 22. h4 Bg7 23. Qe2 Rd7 {½-½ (55) Oganian,M (2435)-Tishin,P (2426) Tula 2018}) 18. dxc5 (18. Ba5 $5 ) 18... Bf6 (18... a5 {with more complications.} 19. Ne5 Qc7 20. Bf4 Nxf4 21. gxf4 Bf6) 19. Ba5 Re8 20. Nd2 Ba6 (20... Qd7 $142) 21. Ne4 $16 Rf8 22. b3 (22. Nxf6+ $18 {has better winning chances.} Nxf6 23. Rd6) 22... Qb7 (22... Be7 $16) 23. Bd2 (23. Nxf6+ $18 Nxf6 24. Rd6) 23... Be2 24. Re1 Bh5 25. Nxf6+ Nxf6 26. Bc3 {[%emt 0:01:30] White is more active. This bishop pair is nice.} ({Better is} 26. Qb2 $16) 26... Bg6 {[%emt 0:01:57] Loses the game.} (26... Nd5 $1 $14) 27. Qb2 $18 Ne8 28. Rcd1 $36 {[%emt 0:02:09][%cal Bc1d1,Bd1d2,Bd2d4][%mdl 2080] White has strong initiative.} Rc8 29. Rd2 Qb5 30. b4 {[%emt 0:00:34][%cal Oa2a4,Bb3b4,Bb4b5,Bb5c6,Bc6c7][%mdl 32] Hoping for a4!} Bf5 $2 {[%emt 0:02:17] [#]} (30... Qb7 {was necessary.} 31. a3 Bh5) 31. a4 Qa6 32. b5 Qxa4 33. Bxc6 Rxc6 34. Rd4 {[%emt 0:01:02] White is clearly winning.} ({Weaker is} 34. bxc6 Qxc6 35. Qb4 h5 $18) 34... Qc2 35. Qxc2 Bxc2 36. bxc6 Nf6 37. Rd2 {[%emt 0:00:52] [#] And now Bxf6 would win.} Ba4 38. Bxf6 {[%emt 0:00:11][%cal Oc6c7] Strongly threatening c7!} gxf6 39. c7 {[%emt 0:00:07] Weighted Error Value: White=0.19 (very precise) /Black=0.45} 1-0

[Event "34th Pula Open 2022"]
[Site "Pula"]
[Date "2022.06.18"]
[Round "1.5"]
[White "Khandhar, Kaushal"]
[Black "Zufic, Miroslav"]
[Result "1-0"]
[ECO "B08"]
[WhiteElo "1936"]
[BlackElo "2384"]
[Annotator "TA"]
[PlyCount "103"]
[EventDate "2022.06.18"]
[EventType "swiss"]
[EventCountry "CRO"]
[SourceTitle "playchess.com"]
[Source "ChessBase"]
[SourceQuality "1"]
[TimeControl "5400+30"]

1. d4 Nf6 2. Nc3 d6 3. Bf4 g6 4. e4 Bg7 5. Qd2 O-O 6. O-O-O Nc6 7. Nf3 Bg4 {[%emt 0:00:31] B08: Pirc Defence: Classical System.} 8. Qe3 Qe8 {[%emt 0:08:30][%cal Oc6d4] [#]} 9. e5 $146 ({Predecessor:} 9. Bh6 Bxf3 10. gxf3 e5 11. dxe5 Nxe5 12. h4 Nh5 13. Be2 Qe6 14. Bxg7 Kxg7 15. f4 {0-1 (53) Petersson,K (2041)-Todorovic,B (2222) Chess.com INT 2022}) 9... Nd7 {[%emt 0:01:45] The position is equal.} 10. Nd5 Rc8 11. Bb5 e6 {[%emt 0:00:30] Hoping for ...dxe5.} 12. Nc3 dxe5 (12... Bxf3 $5 13. gxf3 Ne7 $15) 13. dxe5 Nb6 14. Bg5 {[%emt 0:17:55] aiming for Ne4.} Bxf3 15. gxf3 {[%emt 0:00:48] Black must now prevent Ne4.} a6 16. Ne4 $2 h6 $4 (16... axb5 $19 {avoids the disaster.} 17. Nf6+ Bxf6 18. Bxf6 Ne7) 17. Nf6+ $18 Bxf6 18. Bxf6 Kh7 {[%emt 0:00:08] [#]} 19. Rd4 $1 Nxd4 (19... axb5 $2 {[#] leads to mate.} 20. Qxh6+ $3 Kxh6 21. Rh4#) 20. Bxe8 {[%emt 0:00:32] A strong pair of Bishops.} Nf5 {[%emt 0:00:06] [#]} 21. Qe4 Rfxe8 (21... Rcxe8 22. Qxb7) 22. Rd1 (22. Qxb7 $142 {And now Rg1 would win.} Nd5 23. Qxa6) 22... Nd5 (22... Rb8 {is a better defense.} 23. c4 a5) 23. Rxd5 exd5 24. Qxd5 Kg8 25. Qxb7 Nd4 26. Qxa6 Ra8 27. Qc4 c5 28. c3 Nf5 29. a4 Rac8 30. b3 Kf8 31. Kb2 Kg8 32. Qd5 Kf8 33. f4 Kg8 34. h4 {[%emt 0:01:17][%cal Oh4h5] h5! is the strong threat.} h5 35. Qd7 Rb8 36. Ka3 Rbc8 37. a5 Ra8 38. Ka4 Ng7 39. Bxg7 Kxg7 {[%emt 0:00:01][%mdl 4096] Endgame KQ-KRR} 40. Qd6 c4 41. b4 Rad8 42. Qc6 Rc8 43. Qf6+ Kg8 44. f5 gxf5 45. Qg5+ Kf8 46. Qh6+ Kg8 47. Qg5+ Kf8 48. Qxf5 {[%emt 0:00:10] White is clearly winning.} Rcd8 49. b5 Rd2 50. a6 Re6 51. Kb4 Ra2 52. Kxc4 {[%emt 0:00:56] Weighted Error Value: White=0.39/Black=0.50} 1-0

[Event "34th Pula Open 2022"]
[Site "Pula"]
[Date "2022.06.18"]
[Round "1.6"]
[White "Marjanovic, Annamaria"]
[Black "Mrkaljevic, Jakub"]
[Result "1-0"]
[ECO "A25"]
[WhiteElo "2353"]
[BlackElo "1933"]
[Annotator "TA"]
[PlyCount "135"]
[EventDate "2022.06.18"]
[EventType "swiss"]
[EventCountry "CRO"]
[SourceTitle "playchess.com"]
[Source "ChessBase"]
[SourceQuality "1"]
[TimeControl "5400+30"]

1. c4 e5 2. g3 Nc6 3. Bg2 Nf6 4. Nc3 Bc5 5. e3 d6 6. Nge2 a6 {[%emt 0:00:37] A25: English Opening vs King's Indian with ...Nc6 but without early d3.} 7. O-O O-O 8. d4 Bb6 {[%emt 0:00:11] White has an edge.} 9. a3 Bg4 10. h3 Bd7 11. b4 {[%emt 0:01:12] [#]} Qc8 $146 ({Predecessor:} 11... Re8 12. Bb2 Ba7 13. c5 dxc5 14. dxc5 Qc8 15. Kh2 Bf5 16. e4 Rd8 17. Qc1 Be6 {1-0 (31) Sacripanti,G (2320)-Paessler,H (2138) ICCF email 2017}) 12. Kh2 Ne7 (12... Re8 $14) 13. c5 Ba7 14. Bb2 ({Better is} 14. dxe5 $1 $16 dxe5 15. f4) 14... Bc6 15. d5 Bd7 16. cxd6 (16. f4 $14) 16... cxd6 $11 17. Rc1 Qe8 18. Qb3 b5 19. Nb1 Bb6 20. Nd2 Nf5 21. e4 Ne7 22. f4 Ng6 23. Qd3 Rc8 24. Rxc8 Qxc8 25. fxe5 dxe5 26. Rc1 Qd8 27. Nb3 Ne8 28. Nc5 Bc8 (28... Nd6 $11 {keeps the balance.}) 29. a4 $16 {[%emt 0:00:52] 0x0.001763550953dp-1022s more active pieces.} Nd6 30. axb5 axb5 31. Nc3 $36 {[%emt 0:01:13][%mdl 2048] White has good play.} Qe8 (31... Bd7 $11) 32. Bf1 {[%emt 0:02:13] White now steadily converts the win.} f5 (32... Nc4 $16) 33. Nxb5 $18 Nxb5 (33... Nxe4 $16 34. d6 (34. Nxe4 $2 fxe4 35. Qc2 Qd7 $19) 34... Nf6) 34. Qxb5 Qd8 35. exf5 Bxf5 36. Bg2 Ba7 37. Rf1 Qe7 38. Qc4 {[%emt 0:03:37] Strongly threatening d6+.} Kh8 39. Ne4 Bb8 (39... Bxe4 {was necessary.} 40. Qxe4 Rxf1 41. Bxf1 Qf8) 40. Qc5 Qd8 41. h4 h5 $2 (41... Bxe4 $16 {is tougher.} 42. Rxf8+ Nxf8) 42. Ng5 Bd6 43. Qa7 Qe8 {[%emt 0:03:28] Inhibits Nf7+.} (43... Qe7 {is a better defense.} 44. Qxe7 Nxe7) 44. Qb6 Qe7 45. b5 Kg8 (45... e4 $142) 46. Qe3 Bd7 $2 (46... e4 {keeps fighting.} 47. Nxe4 Ne5 48. Bxe5 Qxe5) 47. Rxf8+ Nxf8 48. Qe2 {[%emt 0:00:30] b6 is the strong threat.} g6 $2 (48... Nh7) 49. Ne4 Bg4 50. Qe3 Nd7 51. Nxd6 Qxd6 52. Ba3 {[%emt 0:00:09] Inhibits Qb4.} Qc7 53. Qb3 {[%emt 0:01:19] Intending d6+ and mate.} Qb6 54. d6+ Kg7 55. Qd5 $1 Qe3 56. Bb2 Bf5 $2 (56... g5) 57. b6 $1 {[%emt 0:00:41][%cal Bb5b6,Bb6b7][%mdl 32] Threatens to win with b7.} Kf6 $2 (57... Qe2) 58. b7 Qb6 {[%emt 0:00:09] Inhibits Qa5.} 59. Bc1 {[%emt 0:00:31] Bg5+ would kill now.} Be6 60. Bg5+ Kf7 61. Qf3+ Bf5 62. Qd5+ Be6 $1 63. Qd3 Bf5 64. Qc4+ Kg7 {[%emt 0:03:12] [#]} 65. Qc7 (65. Bh6+ $142 $1 Kh7 {[#]} (65... Kxh6 66. Qg8) 66. Bf8 $1 Kh8 67. Qf7 Nxf8 68. Qxf8+ Kh7 69. b8=Q Qxb8 70. Qxb8) 65... Qb4 66. Be3 {[%emt 0:00:44] And now Ba7 would win. A strong pair of Bishops.} Qb2 {[%emt 0:02:19] [#]} 67. Bb6 $1 Be4 (67... Kf8 68. b8=Q+) 68. Qxd7+ {[%emt 0:00:15] Weighted Error Value: White=0.31/Black=0.51} 1-0

[Event "34th Pula Open 2022"]
[Site "Pula"]
[Date "2022.06.18"]
[Round "1.7"]
[White "Marjanovic, Alex"]
[Black "Maki-Uuro, Miikka"]
[Result "0-1"]
[ECO "A43"]
[WhiteElo "1924"]
[BlackElo "2332"]
[Annotator "TA"]
[PlyCount "66"]
[EventDate "2022.06.18"]
[EventType "swiss"]
[EventCountry "CRO"]
[SourceTitle "playchess.com"]
[Source "ChessBase"]
[SourceQuality "1"]
[TimeControl "5400+30"]

1. d4 Nf6 2. Nf3 c5 3. d5 d6 4. Bg5 g6 5. Bxf6 exf6 6. e4 {[%emt 0:00:20] [#] A43: Schmid Benoni.} Qb6 $146 ({Predecessor:} 6... Bg7 7. Bb5+ Nd7 8. c3 O-O 9. O-O a6 10. Bd3 b5 11. a4 Rb8 12. axb5 axb5 {½-½ (29) Carradori,D-Scuderi,D (2281) ICCF email 2011}) 7. b3 ({White should play} 7. Nbd2 $11) 7... Bg7 {[%emt 0:03:31] Threatens to win with ...f5.} ({Don't do} 7... Qb4+ 8. Nbd2 $11) 8. Nbd2 {[%emt 0:03:07] Black is slightly better.} O-O (8... f5 $15 9. Rc1 fxe4 10. Nxe4 Bf5) 9. Bd3 $11 f5 {[%emt 0:03:17] [#]} 10. O-O {[%emt 0:03:26] [#]} fxe4 $1 $17 11. Nxe4 Bf5 (11... f5 $17 12. Neg5 Bxa1 13. Qxa1 Qd8) 12. Rb1 $15 Nd7 (12... Bxe4 $5 13. Bxe4 Nd7 $11) 13. Nh4 (13. Neg5 $11) 13... Bxe4 $17 14. Bxe4 c4 (14... Qa5 $17) 15. bxc4 $15 Qd8 16. Nf3 Nc5 17. Bd3 Qa5 18. Nd2 Qxa2 19. Nb3 Nxd3 20. Qxd3 Rfc8 21. c5 (21. Nd2 $11 {remains equal.}) 21... dxc5 $17 {[%emt 0:04:26] And now ...c4 would win.} 22. c4 Qa4 23. Rfe1 Qd7 24. Qe3 (24. g3 $15) 24... b6 25. Qe7 (25. Qd3 $17) 25... Rc7 (25... Qxe7 $19 {is more deadly.} 26. Rxe7 Re8 27. Rxe8+ Rxe8) 26. Qg5 Re8 ({Better is} 26... a5 {White must now prevent ...a4.} 27. Nd2 a4) 27. Rxe8+ Qxe8 28. Rd1 {[%emt 0:00:25] White does not recover from this.} (28. Nd2 $17) 28... Re7 $19 {[%emt 0:01:06] ( -> ...Re1+)} 29. Qd2 {[%emt 0:00:44] Inhibits Re1+.} (29. Nd2 {was worth a try.}) 29... Re2 30. Qc1 {[%emt 0:00:13] [#]} Bh6 $1 31. Qb1 Qe5 32. d6 (32. Rf1 $142) 32... Qf4 33. f3 (33. Rf1 $19 Qxd6 34. Nc1) 33... Qg5 {[%emt 0:00:49] Weighted Error Value: White=0.61/Black=0.24 (precise)} 0-1

[Event "34th Pula Open 2022"]
[Site "Pula"]
[Date "2022.06.18"]
[Round "1.8"]
[White "Jahncke, Giso"]
[Black "Striskova, Lucia"]
[Result "1-0"]
[ECO "A89"]
[WhiteElo "2321"]
[BlackElo "1923"]
[Annotator "TA"]
[PlyCount "91"]
[EventDate "2022.06.18"]
[EventType "swiss"]
[EventCountry "CRO"]
[SourceTitle "playchess.com"]
[Source "ChessBase"]
[SourceQuality "1"]
[TimeControl "5400+30"]

1. c4 f5 2. g3 Nf6 3. Bg2 d6 4. d4 g6 5. Nf3 Bg7 6. O-O O-O 7. Nc3 Nc6 8. d5 Ne5 {[%emt 0:00:05] The main line 8...Ne5 scores better than 8...Na5.} 9. Nxe5 dxe5 10. f3 {[%emt 0:05:44] [#] A89: Dutch Defence: Leningrad System: 5 Nf3 0-0 6 0-0 d6 7 Nc3 Nc6.} Nd7 $146 ({Predecessor:} 10... e6 11. e4 Qe7 12. Qe2 f4 13. g4 exd5 14. Nxd5 Qc5+ 15. Qf2 Qd6 16. Bd2 b6 17. Bb4 c5 {1-0 (61) Gandrud,V (2211)-Haug,J (2339) Fagernes 2015}) 11. e4 f4 12. Rb1 {[%emt 0:07:11] White is better.} a5 13. a3 g5 14. g4 Nf6 15. b4 axb4 16. axb4 h5 17. h3 e6 18. Qe2 Qe7 19. Bd2 Bd7 20. Rfc1 Rfd8 21. Be1 Be8 22. Bf2 Bf8 23. Qb2 hxg4 24. hxg4 exd5 25. cxd5 c6 26. dxc6 Bxc6 27. Bf1 Be8 {[%emt 0:01:43] [#] Loses the game.} (27... Qe6 $14) 28. Nb5 $1 $18 Bf7 $2 (28... Bxb5 29. Bxb5 Ne8 30. Bc4+ Kg7) 29. Bc5 Qd7 30. Qxe5 {[%emt 0:03:56] Strongly threatening Bxf8.} Bg7 31. Bd4 ({Not} 31. Qxg5 Qd2 $18) 31... Ba2 32. Rb2 ({Less strong is} 32. Qxg5 Nh7 33. Qxg7+ Qxg7 34. Bxg7 Bxb1 $18) 32... Nxe4 33. Qxg7+ Qxg7 34. Bxg7 {[%emt 0:00:05] A strong pair of Bishops.} Nd2 35. Bf6 Nxf3+ 36. Kf2 Rd2+ 37. Rxd2 Nxd2 38. Bd3 Bd5 39. Rc2 Ne4+ 40. Bxe4 Bxe4 41. Rd2 Bc6 42. Nd4 Bd7 43. Bxg5 Bxg4 44. Bxf4 Ra3 45. Be3 Kf7 46. Rc2 {[%emt 0:00:25] Weighted Error Value: White=0.17 (very precise) /Black=0.33} 1-0

[Event "34th Pula Open 2022"]
[Site "Pula"]
[Date "2022.06.18"]
[Round "1.9"]
[White "Bonaca, Dario"]
[Black "Pastar, Slaven"]
[Result "0-1"]
[ECO "A47"]
[WhiteElo "1910"]
[BlackElo "2300"]
[Annotator "TA"]
[PlyCount "76"]
[EventDate "2022.06.18"]
[EventType "swiss"]
[EventCountry "CRO"]
[SourceTitle "playchess.com"]
[Source "ChessBase"]
[SourceQuality "1"]
[TimeControl "5400+30"]

1. d4 e6 2. Bf4 Nf6 3. e3 b6 4. Nf3 Be7 5. Nbd2 Nh5 6. Bg3 Bb7 7. Bd3 d6 8. Qe2 Nd7 {[%emt 0:00:54] A47: 1 d4 Nf6 2 Nf3 b6: Torre, London and Colle Systems.} 9. Ba6 {[%emt 0:17:07] [#]} Nxg3 $146 ({Predecessor:} 9... Bxa6 10. Qxa6 c5 11. dxc5 Nxg3 12. hxg3 bxc5 13. Nc4 Qc7 14. e4 O-O 15. Rd1 Nb6 16. Nxb6 axb6 {0-1 (41) Derakhshani,B (2236)-Huber,M (2393) Graz 2017}) 10. hxg3 Qc8 {[%emt 0:00:17] The position is equal.} 11. Bxb7 Qxb7 12. Qd3 g6 13. O-O-O b5 14. Qe4 c6 (14... Qxe4 $11 15. Nxe4 d5) 15. Rh3 (15. Qf4 $14) 15... h5 $11 16. Rdh1 (16. Qf4 $1 $11) 16... Nf6 $17 17. Qd3 Kf8 18. Ne4 Ng4 19. Qe2 Kg7 20. Nfg5 (20. Nfd2 $15) 20... c5 21. f3 Nh6 22. dxc5 {[%emt 0:03:33] [#]} dxc5 (22... d5 $1 $19 {has better winning chances.} 23. Nd6 Qa6) 23. g4 {[%emt 0:04:28] [#]} hxg4 24. fxg4 Qd5 25. Qd3 b4 {[%emt 0:08:15] Against Qc3+. Strongly threatening ...Rad8.} (25... Bxg5 26. Qxd5 Bxe3+ 27. Qd2 Bxd2+ 28. Kxd2 $15) 26. Kb1 ({Avoid the trap} 26. Qxd5 $2 exd5 27. Rg3 Rad8 $19) 26... Bxg5 {[%emt 0:09:02] Dancing on a razor blade.} 27. Qxd5 exd5 28. Nxg5 Nxg4 {[%emt 0:01:34] Hoping for ...Rxh3.} 29. Rh7+ {[%emt 0:05:27] This costs White the game.} (29. Nxf7 $17 Rxh3 30. gxh3) 29... Rxh7 $19 30. Rxh7+ {[%emt 0:00:07][%mdl 4096] Endgame KRN-KRN} Kf6 31. Nxf7 Rf8 (31... Nxe3 $2 32. Nd6 $19) 32. Nh6 Nxe3 33. a3 bxa3 (33... Nxg2 $2 34. axb4 cxb4 35. Ng4+ Kf5 36. Nh6+ Kg5 37. Ka2 $19) 34. bxa3 a5 ({But not} 34... Nxg2 $2 35. Ng4+ Kf5 36. Rh2 $19) 35. g3 (35. Kc1 {was worth a try.}) 35... g5 {[%emt 0:01:11] ...Kg6 is the strong threat. Black is clearly winning.} 36. Ra7 Kg6 37. Re7 d4 ({Not} 37... Kxh6 38. Rxe3 Kg6 39. Kb2 $17) 38. Re6+ Rf6 {[%emt 0:00:36] Weighted Error Value: White=0.49/Black=0.14 (very precise)} 0-1